Map: Ruins of Seras

Players

Happy

  • Race: Terran Terran
  • League: Grandmaster

LiquidMaNa (MaNa) - Winner!

  • Race: Protoss Protoss
  • League: Grandmaster

Event: 2016 WCS Winter Challenger Europe

VOD

Have the link to the VOD?

Description

Time

  • Played on: Feb. 13, 2016, 12:01 p.m.
  • Length: 9:55

All games in this series

Show
View Real Time Build Order
Export as new Build Order

Happy Terran 

Build Orders: Reaper Expand, MMM Bio 

Get SALT Encoding   

  12  0:00  SCV  
  13  0:12  SCV  
  14  0:17  Supply Depot  
  14  0:25  SCV  
  15  0:39  Barracks, SCV  
  16  0:46  Refinery  
  16  0:51  SCV  
  17  1:03  SCV  
  18  1:15  SCV  
  19  1:27  Orbital Command  
  19  1:29  Reaper  
  20  1:42  Command Center  
  20  1:48  Refinery  
  20  1:53  SCV  
  21  2:03  Supply Depot  
  21  2:07  SCV  
  22  2:09  Barracks Reactor  
  22  2:19  SCV  
  22  2:20  Factory  
  23  2:31  SCV  
  24  2:43  SCV  
  25  2:46  Marine x2  
  27  2:54  Orbital Command  
  27  2:55  SCV  
  28  3:03  Factory Tech Lab  
  28  3:04  Starport, Marine x2  
  30  3:07  SCV  
  31  3:20  SCV  
  31  3:21  SCV, Marine  
  31  3:22  Cyclone, Marine  
  38  3:31  Supply Depot  
  38  3:32  SCV  
  38  3:33  SCV  
  40  3:41  Medivac  
  42  3:42  Marine x2  
  42  3:44  SCV  
  45  3:48  Barracks  
  45  3:50  SCV  
  45  3:54  Barracks  
  46  3:59  Siege Tank  
  46  4:01  SCV  
  50  4:04  SCV  
  50  4:08  Refinery  
  51  4:10  Marine x2  
  51  4:13  SCV  
  54  4:17  Supply Depot  
  54  4:21  Engineering Bay  
  54  4:24  SCV  
  54  4:35  Supply Depot  
  54  4:39  Siege Tank  
  54  4:40  Bunker  
  54  4:43  Barracks Tech Lab x2  
  54  4:44  SCV  
  58  4:47  Terran Infantry Weapons Level 1  
  58  4:51  SCV  
  61  4:56  Refinery  
  61  4:58  SCV  
  61  4:59  Marine x2  
  62  5:02  Stimpack  
  62  5:03  Marine  
  63  5:09  Supply Depot  
  63  5:12  Combat Shields  
  63  5:18  SCV  
  63  5:19  SCV  
  65  5:25  Missile Turret  
  65  5:27  Marine  
  66  5:30  Siege Tank  
  66  5:31  SCV x2, Starport Reactor  
  66  5:35  Marine x2  
  73  5:42  Supply Depot  
  73  5:43  Marine  
  73  5:45  Marine  
  73  5:46  SCV  
  73  5:47  SCV  
  77  5:54  Supply Depot  
  77  5:55  Marine  
  78  5:59  Supply Depot  
  80  6:05  Supply Depot  
  80  6:09  Siege Tank  
  80  6:11  Medivac x2  
  83  6:15  Marine x2  
  86  6:21  Marauder, Marine  
  87  6:28  SCV  
  87  6:30  SCV  
  87  6:31  Missile Turret  
  89  6:32  Marine  
  89  6:33  Marine  
  89  6:34  Bunker  
  89  6:38  Marine  
  92  6:42  Marine  
  93  6:50  Marine  
  93  6:51  Marine  
  93  6:59  SCV  
  94  7:01  Supply Depot  
  94  7:02  Supply Depot  
  94  7:04  Medivac x2  
  98  7:11  Barracks x2, Terran Infantry Armor Level 1  
  98  7:14  Factory Reactor  
  98  7:25  Command Center  
  98  7:34  Marine x3  
  98  7:35  Marine  
  102  7:45  Medivac  
  104  7:53  Supply Depot x2, Marauder, Marine x2  
  104  7:54  Widow Mine  
  109  8:01  Marine x2  
  101  8:05  Marine  
  101  8:10  Marine  
  95  8:15  Marauder  
  86  8:28  Marine  
  86  8:29  Marine x2  
  68  8:44  Marauder, Marine x2  
  64  8:54  Orbital Command  
  57  9:03  Marine x2  
  57  9:05  Marine  
  57  9:06  Marine  
  59  9:14  SCV, Orbital Command  
  60  9:21  Marine x3  
  60  9:24  SCV  
  64  9:25  Marauder  
  64  9:26  SCV  
  64  9:29  Marine x2  
  71  9:36  SCV  
Show
View Real Time Build Order
Export as new Build Order

LiquidMaNa Protoss - Winner!

Build Orders: 1 Gate Expand 

Get SALT Encoding   

  12  0:00  Probe (Chrono Boost)  
  13  0:11  Probe (Chrono Boost)  
  14  0:19  Pylon  
  14  0:22  Probe (Chrono Boost)  
  15  0:37  Probe (Chrono Boost), Gateway  
  16  0:47  Probe (Chrono Boost)  
  17  0:50  Assimilator  
  17  0:58  Probe (Chrono Boost)  
  18  1:17  Nexus  
  18  1:27  Cybernetics Core  
  18  1:32  Probe (Chrono Boost)  
  19  1:37  Assimilator  
  19  1:42  Probe (Chrono Boost)  
  20  1:48  Pylon  
  20  1:53  Probe (Chrono Boost)  
  21  2:03  Probe (Chrono Boost)  
  21  2:06  Adept (Chrono Boost), Warp Gate  
  24  2:15  Probe  
  24  2:27  Probe (Chrono Boost)  
  25  2:30  Probe (Chrono Boost), Stalker (Chrono Boost)  
  28  2:38  Probe (Chrono Boost)  
  28  2:41  Probe (Chrono Boost)  
  30  2:49  Probe (Chrono Boost)  
  31  2:53  Robotics Facility  
  31  2:54  Probe (Chrono Boost)  
  32  3:01  Stalker  
  32  3:04  Probe (Chrono Boost)  
  35  3:07  Probe (Chrono Boost)  
  36  3:15  Probe (Chrono Boost)  
  36  3:17  Probe (Chrono Boost)  
  38  3:23  Assimilator  
  38  3:26  Mothership Core (Chrono Boost)  
  40  3:28  Probe (Chrono Boost)  
  40  3:29  Pylon  
  41  3:37  Twilight Council  
  41  3:42  Probe (Chrono Boost), Observer  
  41  3:45  Pylon  
  41  3:48  Probe (Chrono Boost)  
  44  3:53  Probe (Chrono Boost)  
  45  3:59  Probe (Chrono Boost)  
  45  4:00  Gateway  
  46  4:03  Gateway  
  46  4:05  Observer  
  46  4:06  Probe (Chrono Boost)  
  46  4:09  Probe (Chrono Boost)  
  49  4:12  Sentry  
  49  4:16  Blink (Chrono Boost)  
  51  4:17  Probe  
  51  4:20  Probe  
  53  4:27  Forge  
  53  4:31  Probe  
  53  4:32  Pylon  
  53  4:33  Observer  
  53  4:36  Pylon  
  53  4:37  Probe  
  56  4:41  Probe  
  56  4:43  Stalker  
  59  4:49  Probe, Assimilator  
  59  4:52  Probe  
  60  4:56  Pylon  
  61  5:01  Stalker, Protoss Ground Weapons Level 1 (Chrono Boost)  
  61  5:06  Stalker  
  66  5:07  Probe  
  66  5:15  Pylon  
  66  5:17  Warp Prism  
  66  5:19  Probe x2  
  70  5:30  Probe  
  70  5:32  Probe  
  70  5:35  Gateway x2  
  72  5:40  Gateway  
  72  5:43  Gateway  
  72  5:48  Probe  
  72  5:50  Probe, Pylon  
  74  5:59  Stalker x2  
  74  6:00  Resonating Glaives (Chrono Boost)  
  74  6:01  Stalker  
  80  6:05  Probe x2  
  82  6:20  Nexus  
  82  6:31  Stalker x3  
  88  6:35  Templar Archives  
  88  6:40  Pylon  
  88  6:42  Observer  
  88  6:49  Adept x2  
  88  6:50  Adept x2  
  96  6:54  Protoss Ground Armor Level 1 (Chrono Boost)  
  96  7:01  Psionic Storm  
  96  7:02  Adept  
  96  7:03  Adept x2  
  96  7:07  Immortal  
  106  7:15  High Templar  
  108  7:18  Pylon  
  108  7:28  Pylon, High Templar  
  110  7:35  Pylon  
  110  7:42  Pylon  
  109  7:46  Immortal  
  113  7:51  Adept  
  113  7:52  Adept  
  113  7:54  High Templar  
  119  8:03  Assimilator  
  119  8:05  Assimilator  
  119  8:09  Adept  
  119  8:10  Adept x3  
  125  8:15  Adept x2  
  125  8:16  Probe x2  
  109  8:34  Zealot x5  
  109  8:48  Pylon  
  105  8:58  Stalker x3  
  105  8:59  Stalker x4  
  115  9:09  Immortal  
  119  9:19  Pylon  
  119  9:20  Pylon  
  119  9:23  Sentry  
  119  9:24  High Templar  
  123  9:30  Adept x4  
  129  9:49  Pylon  
  129  9:51  Photon Cannon  
  129  9:52  Adept x5  
Tags
 
Add a new tag
Caveats
  • Supply blocks, unpowered buildings, or Contaminate may cause inaccurate times.
  • Supply counts are checked every 10 seconds.